[Event "Icelandic Team-ch Kvika Leagu 2023-24"]
[Site "Reykjavik"]
[Date "2024.02.29"]
[Round "1.18"]
[White "Heimisson, Hilmir Freyr"]
[Black "Gretarsson, Helgi Ass"]
[Result "1-0"]
[ECO "D17"]
[WhiteElo "2376"]
[BlackElo "2477"]
[Annotator "RC"]
[PlyCount "74"]
[EventDate "2024.02.29"]
[EventType "team-tourn"]
[EventCountry "ISL"]
[SourceTitle "playchess.com"]
[Source "ChessBase"]
[SourceQuality "1"]
[TimeControl "40/5400+30:900+30"]

1. d4 d5 2. c4 c6 3. Nc3 Nf6 4. Nf3 dxc4 5. a4 Bf5 6. Ne5 Nbd7 7. Nxc4 Nb6 8. Ne5 a5 9. f3 Nfd7 10. Nxd7 Bxd7 11. e4 e6 12. Be3 Bb4 13. Be2 Rc8 14. O-O O-O 15. Na2 Be7 16. Rc1 c5 17. b3 c4 18. bxc4 Bxa4 19. Qd3 e5 20. d5 Bc5 21. Kh1 Qd6 22. f4 Bxe3 23. Qxe3 exf4 24. Rxf4 Nd7 25. Nc3 Bb3 26. Nb5 Qb4 27. Rb1 a4 28. Bg4 Ne5 29. Bxc8 Rxc8 30. Nd4 Rxc4 31. Nf5 Qc5 32. Qg3 g6 33. Rff1 Rxe4 34. Rbc1 Bc4 35. d6 Kf8 36. Nh6 Kg7 37. Qg5 Qe3 1-0

[Event "Icelandic Team-ch Kvika Leagu 2023-24"]
[Site "Reykjavik"]
[Date "2024.03.01"]
[Round "1.19"]
[White "Domalchuk-Jonasson, Aleksandr"]
[Black "Gislason, Gudmundur"]
[Result "1-0"]
[ECO "E90"]
[WhiteElo "2362"]
[BlackElo "2266"]
[Annotator "ChessBase"]
[PlyCount "119"]
[EventDate "2024.02.29"]
[EventType "team-tourn"]
[EventCountry "ISL"]
[SourceTitle "playchess.com"]
[Source "ChessBase"]
[SourceQuality "1"]
[TimeControl "40/5400+30:900+30"]

1. c4 g6 2. Nc3 Bg7 3. d4 c5 4. d5 d6 5. e4 Nf6 6. h3 O-O 7. Nf3 Na6 8. Bd3 Nc7 9. O-O Rb8 10. Bf4 a6 11. a4 e5 12. dxe6 Nxe6 13. Bh2 Nh5 14. Qd2 b6 15. Rad1 Rb7 16. Bc2 Rd7 17. Rfe1 Bb7 18. Qc1 Bc6 19. Rd3 Qc7 20. Red1 Nd4 21. g4 Bxe4 22. Nxd4 Bxd3 23. Nd5 Bxc2 24. Nxc2 Qd8 25. gxh5 Qh4 26. Nf4 Qg5+ 27. Bg3 Re8 28. h4 Qg4 29. Kg2 Qf5 30. Ne3 Qe4+ 31. Kh2 b5 32. Re1 bxa4 33. Nfd5 Re6 34. Nf4 Re8 35. Qd1 Qc6 36. Ng4 Rde7 37. Rxe7 Rxe7 38. Nd5 Re6 39. Qf3 Qc8 40. Ngf6+ Kh8 41. Ne4 f5 42. Ng5 Bxb2 43. Nb6 Qe8 44. Nxa4 Be5 45. Nxe6 Qxe6 46. h6 Bxg3+ 47. fxg3 Qxc4 48. Qa8+ Qg8 49. Qxa6 Qf8 50. Nc3 f4 51. Ne4 fxg3+ 52. Kxg3 d5 53. Qf6+ Qxf6 54. Nxf6 d4 55. Kf3 c4 56. Ke4 d3 57. Ke3 g5 58. hxg5 c3 59. g6 hxg6 60. Kxd3 1-0

[Event "Icelandic Team-ch Kvika Leagu 2023-24"]
[Site "Reykjavik"]
[Date "2024.03.01"]
[Round "1.20"]
[White "Olafsson, Thorvardur"]
[Black "Sulypa, Oleksandr"]
[Result "0-1"]
[ECO "B90"]
[WhiteElo "2100"]
[BlackElo "2458"]
[Annotator "ChessBase"]
[PlyCount "104"]
[EventDate "2024.02.29"]
[EventType "team-tourn"]
[EventCountry "ISL"]
[SourceTitle "playchess.com"]
[Source "ChessBase"]
[SourceQuality "1"]
[TimeControl "40/5400+30:900+30"]

1. e4 c5 2. Nf3 d6 3. d4 Nf6 4. Nc3 cxd4 5. Nxd4 a6 6. Be3 e5 7. Nb3 Be7 8. f3 Be6 9. Qd2 Nbd7 10. g4 b5 11. g5 Nh5 12. O-O-O Qc7 13. Kb1 O-O 14. Nd5 Bxd5 15. exd5 Rfe8 16. Rg1 Nb6 17. Na5 Nxd5 18. Qxd5 Qxa5 19. c4 Rab8 20. cxb5 axb5 21. Bc4 Rf8 22. Bb3 g6 23. Rg4 Qd8 24. h4 Kh8 25. Rb4 Qe8 26. Rc1 Qd7 27. Qc6 Qf5+ 28. Qe4 Qd7 29. f4 Kg8 30. Qd3 d5 31. Re4 Qf5 32. Bxd5 Ng3 33. fxe5 Nxe4 34. Qxe4 Qxe4+ 35. Bxe4 Rbc8 36. Rf1 Bc5 37. Bd2 Rcd8 38. Kc2 Bd4 39. Bb4 Rfe8 40. Bd3 Rxe5 41. Rf4 Rd7 42. Ba3 h6 43. gxh6 Be3 44. Rf6 Bxh6 45. Rc6 Bg7 46. Bb4 Red5 47. Be2 Re5 48. Bd3 Red5 49. Be2 Rf5 50. Bc5 Rdd5 51. b4 Bd4 52. Bg4 Rf4 0-1

[Event "Icelandic Team-ch Kvika Leagu 2023-24"]
[Site "Reykjavik"]
[Date "2024.03.01"]
[Round "1.21"]
[White "Petursson, Margeir"]
[Black "Ingvason, Johann"]
[Result "1-0"]
[ECO "E01"]
[WhiteElo "2406"]
[BlackElo "2072"]
[Annotator "RC"]
[PlyCount "103"]
[EventDate "2024.02.29"]
[EventType "team-tourn"]
[EventCountry "ISL"]
[SourceTitle "playchess.com"]
[Source "ChessBase"]
[SourceQuality "1"]
[TimeControl "40/5400+30:900+30"]

1. d4 d5 2. c4 c6 3. Nf3 Nf6 4. Nc3 e6 5. g3 Nbd7 6. Bg2 Bd6 7. Qd3 O-O 8. O-O b6 9. Nd2 Bb7 10. e4 dxe4 11. Ndxe4 Nxe4 12. Nxe4 Be7 13. Rd1 Qc7 14. Bf4 e5 15. dxe5 Nxe5 16. Qc3 f6 17. Ng5 Bc8 18. Nf3 Bd6 19. Nxe5 fxe5 20. Be3 Bg4 21. Rd2 Qe7 22. a3 Rac8 23. Re1 c5 24. Bf4 Rfe8 25. h3 Bh5 26. g4 Bg6 27. Rde2 exf4 28. Rxe7 Rxe7 29. Rxe7 Bxe7 30. Qe5 Re8 31. Bc6 Bf6 32. Qxf4 Rf8 33. Bd5+ Bf7 34. Qd6 Bxb2 35. a4 Bd4 36. Kg2 Bxf2 37. Bxf7+ Rxf7 38. Qb8+ Rf8 39. Qxa7 Bd4 40. Qxb6 g5 41. a5 Rf2+ 42. Kg3 Rf6 43. Qb8+ Rf8 44. Qd6 Rf6 45. Qd5+ Kf8 46. Qxg5 Ra6 47. Qf5+ Kg7 48. Qd7+ Kf6 49. Qb5 Re6 50. a6 h5 51. a7 h4+ 52. Kf4 1-0

[Event "Icelandic Team-ch Kvika Leagu 2023-24"]
[Site "Reykjavik"]
[Date "2024.02.29"]
[Round "1.22"]
[White "Sverrisson, Nokkvi"]
[Black "Thorhallsson, Throstur"]
[Result "1/2-1/2"]
[ECO "B33"]
[WhiteElo "2052"]
[BlackElo "2388"]
[Annotator "RC"]
[PlyCount "53"]
[EventDate "2024.02.29"]
[EventType "team-tourn"]
[EventCountry "ISL"]
[SourceTitle "playchess.com"]
[Source "ChessBase"]
[SourceQuality "1"]
[TimeControl "40/5400+30:900+30"]

1. e4 c5 2. Nf3 Nc6 3. d4 cxd4 4. Nxd4 Nf6 5. Nc3 Qb6 6. Nb3 e6 7. Bd3 a6 8. Be3 Qc7 9. f4 d6 10. g4 b5 11. g5 Nd7 12. Qd2 Nb6 13. O-O-O Nc4 14. Bxc4 bxc4 15. Nd4 Rb8 16. Nxc6 Qxc6 17. Qd4 Bd7 18. f5 Qb7 19. fxe6 fxe6 20. Rhf1 Rg8 21. g6 hxg6 22. Rxf8+ Rxf8 23. Qxg7 Bc6 24. Qxg6+ Qf7 25. Qxf7+ Rxf7 26. Rxd6 Rf1+ 27. Kd2 1/2-1/2

[Event "Icelandic Team-ch Kvika Leagu 2023-24"]
[Site "Reykjavik"]
[Date "2024.02.29"]
[Round "1.23"]
[White "Prudnykova, Olga"]
[Black "Bjornsson, Sverrir Orn"]
[Result "1-0"]
[ECO "C26"]
[WhiteElo "2241"]
[BlackElo "2098"]
[Annotator "RC"]
[PlyCount "75"]
[EventDate "2024.02.29"]
[EventType "team-tourn"]
[EventCountry "ISL"]
[SourceTitle "playchess.com"]
[Source "ChessBase"]
[SourceQuality "1"]
[TimeControl "40/5400+30:900+30"]

1. e4 Nf6 2. Nc3 e5 3. d4 exd4 4. Qxd4 Nc6 5. Qc4 d6 6. Bf4 Be7 7. O-O-O Be6 8. Nd5 O-O 9. h4 Ng4 10. Bg3 Bf6 11. Nf3 Be5 12. Nxe5 Ngxe5 13. Qc3 Nd7 14. f3 a5 15. a3 Bxd5 16. exd5 Ne7 17. Bf2 Qb8 18. h5 h6 19. g4 f6 20. f4 b5 21. Bd3 b4 22. Qe1 bxa3 23. bxa3 Qd8 24. Qe6+ Kh8 25. Rde1 Re8 26. g5 Nf8 27. Qf7 Ng8 28. Bb5 Re7 29. Rxe7 Qxe7 30. Qxe7 Nxe7 31. Re1 Ng8 32. g6 f5 33. Bh4 Rb8 34. a4 Ra8 35. Kd2 Nf6 36. Bxf6 gxf6 37. Re7 Kg8 38. Rxc7 1-0

[Event "Icelandic Team-ch Kvika Leagu 2023-24"]
[Site "Reykjavik"]
[Date "2024.02.29"]
[Round "1.24"]
[White "Fridbertsson, Aegir"]
[Black "Mai, Alexander Oliver"]
[Result "0-1"]
[ECO "E53"]
[WhiteElo "2075"]
[BlackElo "2160"]
[Annotator "ChessBase"]
[PlyCount "64"]
[EventDate "2024.02.29"]
[EventType "team-tourn"]
[EventCountry "ISL"]
[SourceTitle "playchess.com"]
[Source "ChessBase"]
[SourceQuality "1"]
[TimeControl "40/5400+30:900+30"]

1. d4 Nf6 2. c4 e6 3. Nf3 d5 4. Nc3 Bb4 5. e3 O-O 6. Bd3 dxc4 7. Bxc4 c5 8. a3 Bxc3+ 9. bxc3 Qc7 10. Qd3 Nc6 11. O-O e5 12. dxe5 Nxe5 13. Nxe5 Qxe5 14. f3 Be6 15. Bxe6 Qxe6 16. c4 Rad8 17. Qc3 Rd7 18. e4 Rd4 19. Qa5 Qxc4 20. Be3 b6 21. Qxa7 Rd3 22. Bg5 Qd4+ 23. Kh1 Nd7 24. Qc7 h6 25. Bh4 Rd2 26. a4 Ra8 27. Qc6 Ra5 28. Bd8 c4 29. Rac1 Rc5 30. Qb7 Qd6 31. g3 Rh5 32. Bh4 Rxh4 0-1

[Event "Icelandic Team-ch Kvika Leagu 2023-24"]
[Site "Reykjavik"]
[Date "2024.03.01"]
[Round "6"]
[White "Pultinevicius, Paulius"]
[Black "Donchenko, Alexander"]
[Result "1-0"]
[ECO "D38"]
[WhiteElo "2575"]
[BlackElo "2643"]
[Annotator "TA"]
[PlyCount "83"]
[EventDate "2024.02.29"]
[EventType "team-tourn"]
[EventCountry "ISL"]
[SourceTitle "playchess.com"]
[Source "ChessBase"]
[SourceQuality "1"]
[TimeControl "40/5400+30:900+30"]

1. d4 Nf6 2. c4 e6 3. Nf3 d5 4. Nc3 Bb4 5. cxd5 exd5 6. Bf4 {[%emt 0:00:05] D38: Queen's Gambit Declined: Ragozin Defence (4 Nf3 Bb4).} O-O 7. e3 c5 8. Bd3 Bg4 9. a3 Bxc3+ 10. bxc3 Nh5 $146 ({Predecessor:} 10... Qa5 11. O-O c4 12. Bc2 Ne4 13. Qb1 Bxf3 14. gxf3 Nxc3 15. Qxb7 Na6 16. Rfe1 Qb5 17. Qxb5 Nxb5 18. Ba4 Nac7 19. Bxb5 Nxb5 20. a4 {1-0 Zelbel,P (2429)-Haug,J (2391) EU-Cup 34th Porto Carras 2018 (2.4)}) 11. Be5 Nc6 12. h3 Bxf3 13. Qxf3 g6 14. O-O c4 (14... Nxe5 {simplifies} 15. dxe5 Re8 16. g4 Ng7) 15. Be2 Qa5 16. Rab1 Nxe5 17. dxe5 Rae8 18. Rxb7 Rxe5 19. g4 Ng7 20. Qf6 Qxc3 21. Re7 Ne6 22. a4 a5 ({Better is} 22... Qb4 $11) 23. Rd7 $1 $14 Ng5 $1 24. Rxd5 Rxe3 (24... Nxh3+ 25. Kg2 Rfe8 26. Rxe5 (26. Kxh3 $2 Rh5+ 27. Rxh5 Qxf6 $19) 26... Qxe5 27. Qxe5 Rxe5 28. Kxh3 $18) 25. fxe3 Qxe3+ 26. Rf2 $1 Nxh3+ 27. Kg2 Nxf2 28. Qxf2 Qb3 29. Bd1 Qb7 30. Qf3 c3 (30... Qb2+ $16 31. Kh3 Qb4) 31. Rc5 $1 $18 (31. Rxa5 c2 32. Bxc2 (32. Qxb7 cxd1=Q 33. Ra8 Qxg4+ 34. Kf2 Qh4+ 35. Ke2 Qh5+ 36. Ke3 Qh3+ 37. Ke2 Qh2+ 38. Kd1 Qh5+ 39. Kd2 Qh4 $17) 32... Qc7 $11) 31... Qd7 32. Rxc3 Rb8 33. Rd3 Rb2+ 34. Kh3 Qc7 35. Qg3 Qc5 (35... Qe7 $16 36. Bb3 Kg7) 36. Qd6 Qc1 37. Qd8+ Kg7 38. Qd4+ (38. Qxa5 Qh6+ 39. Kg3 Qh2+ 40. Kf3 Rf2+ 41. Ke4 Qf4+ 42. Kd5 Qg5+ 43. Kc6 Qxa5 $19) 38... f6 $2 (38... Kg8 $18 39. Re3 Rb8) 39. Re3 $2 (39. Qd7+ {mates} Kh6 40. Qe7 Qc8 41. Bf3 (41. Qxf6 Rh2+ 42. Kg3 Rg2+ 43. Kxg2 Qxg4+ 44. Kh2 Qg1+ 45. Kh3 Qg3+ 46. Rxg3 $11) 41... Qc4 42. Qf8+ (42. Qxf6 Rh2+ 43. Kg3 Rh3+ 44. Kf2 Rh2+ 45. Kg1 Qc1+ 46. Rd1 Qe3+ 47. Kxh2 Qg1+ 48. Kh3 Qh2+ 49. Kxh2 $11) (42. g5+ Kxg5 43. Rd5+ Kf4 $18) 42... Kg5 43. Rd5+ Qxd5 44. Bxd5) 39... Qd2 $2 {[%emt 0:04:28] [#]} (39... Rb7 $18 40. Bf3 Rf7) 40. Re7+ $1 Kh6 41. g5+ $1 (41. Qxf6 $2 Qh2#) 41... Qxg5 42. Qxb2 1-0

[Event "Icelandic Team-ch Kvika Leagu 2023-24"]
[Site "Reykjavik"]
[Date "2024.03.02"]
[Round "7"]
[White "Kazakouski, Valery"]
[Black "Gretarsson, Helgi Ass"]
[Result "1-0"]
[ECO "D02"]
[WhiteElo "2608"]
[BlackElo "2477"]
[Annotator "RC"]
[PlyCount "119"]
[EventDate "2024.02.29"]
[EventType "team-tourn"]
[EventCountry "ISL"]
[SourceTitle "playchess.com"]
[Source "ChessBase"]
[SourceQuality "1"]
[TimeControl "40/5400+30:900+30"]

1. Nf3 d5 2. g3 Nd7 3. d4 Nb6 4. Bg2 Bf5 5. Nc3 h6 6. a4 a5 7. Nd2 e6 8. e4 Bh7 9. exd5 exd5 10. Nb3 c6 11. Qe2+ Be7 12. Nc5 Ra7 13. O-O Nf6 14. Re1 Nc8 15. Bf4 O-O 16. Bb8 Ra8 17. Be5 b6 18. Nd3 Nd6 19. Bf4 Re8 20. Ne5 Qc8 21. Qd2 Bf8 22. Re2 Qb7 23. Rae1 Re7 24. h4 Rae8 25. Qd1 Bf5 26. Kh2 Nde4 27. Nxe4 dxe4 28. f3 exf3 29. Bxf3 Nd5 30. c4 Nxf4 31. gxf4 Qc7 32. Bxc6 Rxe5 33. Rxe5 Rxe5 34. Rxe5 Qxc6 35. Rxf5 Qe4 36. Rd5 Qxf4+ 37. Kg2 Bd6 38. Qf3 Qh2+ 39. Kf1 g6 40. c5 bxc5 41. dxc5 Bg3 42. h5 Qh3+ 43. Ke2 Qh2+ 44. Kd1 g5 45. c6 Bf4 46. Rd8+ Kg7 47. Qc3+ Be5 48. Qc5 Qxh5+ 49. Kd2 Qh2+ 50. Kd3 Qxb2 51. Qf8+ Kg6 52. Qg8+ Kf6 53. Rd6+ Kf5 54. Qxf7+ Kg4 55. Qc4+ Kf3 56. Qe4+ Kf2 57. Qe3+ Kf1 58. Rxh6 Qb1+ 59. Kc4 Qc2+ 60. Kd5 1-0

[Event "Icelandic Team-ch Kvika Leagu 2023-24"]
[Site "Reykjavik"]
[Date "2024.03.01"]
[Round "7"]
[White "Lomasov, Semyon"]
[Black "Pakleza, Zbigniew"]
[Result "1/2-1/2"]
[ECO "B12"]
[WhiteElo "2565"]
[BlackElo "2482"]
[Annotator "RC"]
[PlyCount "47"]
[EventDate "2024.02.29"]
[EventType "team-tourn"]
[EventCountry "ISL"]
[SourceTitle "playchess.com"]
[Source "ChessBase"]
[SourceQuality "1"]
[TimeControl "40/5400+30:900+30"]

1. e4 c6 2. d4 d5 3. e5 Bf5 4. h4 h5 5. Bd3 Bxd3 6. Qxd3 e6 7. Nf3 Ne7 8. Bg5 Qb6 9. Nbd2 Qa6 10. c4 Nf5 11. O-O Nd7 12. Rfd1 dxc4 13. Nxc4 Nb6 14. b3 Nd5 15. a3 Kd7 16. Qc2 Rc8 17. Ne3 Nfe7 18. Nc4 Nf5 19. b4 Rc7 20. Qb3 Kc8 21. Bd2 Nb6 22. Nxb6+ Qxb6 23. a4 Be7 24. b5 1/2-1/2

[Event "Icelandic Team-ch Kvika Leagu 2023-24"]
[Site "Reykjavik"]
[Date "2024.03.02"]
[Round "7"]
[White "Urkedal, Frode Olav Olsen"]
[Black "Donchenko, Alexander"]
[Result "1-0"]
[ECO "D14"]
[WhiteElo "2536"]
[BlackElo "2631"]
[Annotator "RC"]
[PlyCount "99"]
[EventDate "2024.02.29"]
[EventType "team-tourn"]
[EventCountry "ISL"]
[SourceTitle "playchess.com"]
[Source "ChessBase"]
[SourceQuality "1"]
[TimeControl "40/5400+30:900+30"]

1. d4 Nf6 2. c4 c6 3. Nc3 d5 4. cxd5 cxd5 5. Bf4 Nc6 6. e3 Bf5 7. Nf3 e6 8. Bd3 Bxd3 9. Qxd3 Be7 10. h3 O-O 11. O-O a6 12. Rfc1 Rc8 13. Ne5 Nxe5 14. Bxe5 Nd7 15. Bh2 Nb6 16. Rc2 Nc4 17. b3 Na3 18. Rcc1 b5 19. Ne2 Qd7 20. Qd2 g5 21. h4 h6 22. hxg5 hxg5 23. f4 Rxc1+ 24. Rxc1 Rc8 25. fxg5 Bxg5 26. Bf4 Bh4 27. Qa5 Rxc1+ 28. Nxc1 Nc2 29. Qc3 Na3 30. Nd3 Be7 31. Nc5 Qc6 32. Qa5 Nc2 33. Qc3 Na3 34. Qc1 b4 35. Qe1 e5 36. Bxe5 Qg6 37. Qg3 Qxg3 38. Bxg3 Nb5 39. Nxa6 Nc3 40. Kf1 Nxa2 41. Be1 Bd6 42. Bd2 Kg7 43. Ke2 Kg6 44. Nc5 Kf5 45. Kd3 Be7 46. Kc2 Kg4 47. Kb2 Nc3 48. Bxc3 bxc3+ 49. Kxc3 Kg3 50. Nd3 1-0

[Event "Icelandic Team-ch Kvika Leagu 2023-24"]
[Site "Reykjavik"]
[Date "2024.03.01"]
[Round "7"]
[White "Kulaots, Kaido"]
[Black "Sulypa, Oleksandr"]
[Result "1/2-1/2"]
[ECO "C84"]
[WhiteElo "2534"]
[BlackElo "2457"]
[Annotator "RC"]
[PlyCount "50"]
[EventDate "2024.02.29"]
[EventType "team-tourn"]
[EventCountry "ISL"]
[SourceTitle "playchess.com"]
[Source "ChessBase"]
[SourceQuality "1"]
[TimeControl "40/5400+30:900+30"]

1. e4 e5 2. Nf3 Nc6 3. Bb5 a6 4. Ba4 Nf6 5. O-O Be7 6. d3 b5 7. Bb3 d6 8. a4 Bb7 9. Bd2 O-O 10. Nc3 Nd4 11. Nxd4 exd4 12. Nd5 Nxd5 13. exd5 Bg5 14. axb5 axb5 15. Rxa8 Bxa8 16. Re1 c5 17. dxc6 Bxc6 18. Bb4 Qf6 19. Qg4 Bh6 20. Ra1 Qe5 21. h3 Bf4 22. Ra6 Re8 23. Qd1 Bb7 24. Rb6 Ba8 25. Ra6 h5 1/2-1/2

[Event "Icelandic Team-ch Kvika Leagu 2023-24"]
[Site "Reykjavik"]
[Date "2024.03.02"]
[Round "7"]
[White "Gretarsson, Hjorvar Steinn"]
[Black "Heimisson, Hilmir Freyr"]
[Result "1-0"]
[ECO "C67"]
[WhiteElo "2530"]
[BlackElo "2355"]
[Annotator "RC"]
[PlyCount "95"]
[EventDate "2024.02.29"]
[EventType "team-tourn"]
[EventCountry "ISL"]
[SourceTitle "playchess.com"]
[Source "ChessBase"]
[SourceQuality "1"]
[TimeControl "40/5400+30:900+30"]

1. e4 e5 2. Nf3 Nc6 3. Bb5 Nf6 4. O-O Nxe4 5. Re1 Nd6 6. Nxe5 Be7 7. Bf1 Nxe5 8. Rxe5 O-O 9. d4 Bf6 10. Re1 Re8 11. Bf4 Rxe1 12. Qxe1 Ne8 13. Nc3 Bxd4 14. Nd5 c6 15. Ne7+ Kf8 16. Nxc8 Qf6 17. Bg3 Rxc8 18. Qb4+ d6 19. Qxb7 Rc7 20. Qb8 Re7 21. Rd1 Bb6 22. c4 g5 23. b4 Bd4 24. Kh1 Kg7 25. f3 h5 26. Qc8 c5 27. bxc5 Bxc5 28. h3 Nc7 29. Bd3 Ne6 30. Qc6 Nf4 31. Be4 Re6 32. Qb7 Ne2 33. Be1 Re7 34. Qd5 Re5 35. Qd3 Nf4 36. Qc2 g4 37. Bc3 Qh4 38. Bxe5+ dxe5 39. fxg4 hxg4 40. Qc3 Bd4 41. Qe1 Bf2 42. Qc3 Qh5 43. Rd7 gxh3 44. g4 Qg5 45. Qf3 Bd4 46. Bd5 Qg6 47. Rxf7+ Kh6 48. Rxf4 1-0

[Event "Icelandic Team-ch Kvika Leagu 2023-24"]
[Site "Reykjavik"]
[Date "2024.03.01"]
[Round "7"]
[White "Olafsson, Helgi"]
[Black "Pantzar, Milton"]
[Result "0-1"]
[ECO "B12"]
[WhiteElo "2471"]
[BlackElo "2472"]
[Annotator "RC"]
[PlyCount "74"]
[EventDate "2024.02.29"]
[EventType "team-tourn"]
[EventCountry "ISL"]
[SourceTitle "playchess.com"]
[Source "ChessBase"]
[SourceQuality "1"]
[TimeControl "40/5400+30:900+30"]

1. e4 c6 2. d4 d5 3. e5 Bf5 4. Be3 e6 5. c3 Ne7 6. Nd2 Nd7 7. f4 h5 8. Be2 Bg6 9. Ngf3 Nf5 10. Bf2 c5 11. O-O Rc8 12. a4 a6 13. a5 Be7 14. Qa4 O-O 15. b4 cxb4 16. cxb4 Nh6 17. Nb3 Rc2 18. Ra2 Rxa2 19. Qxa2 Bxb4 20. Nh4 Be4 21. Bxh5 Be7 22. g3 Bxh4 23. gxh4 Nf5 24. Nd2 Bd3 25. Rc1 Nxh4 26. Qa3 Bg6 27. Be2 Nf5 28. Qb4 Nb8 29. Qxb7 Qxa5 30. Nb3 Qa2 31. Bf1 Kh7 32. Rc3 Qb1 33. Nc5 Qd1 34. h3 Nxd4 35. Qe7 Ne2+ 36. Kg2 Nxf4+ 37. Kg3 Qxf1 0-1

[Event "Icelandic Team-ch Kvika Leagu 2023-24"]
[Site "Reykjavik"]
[Date "2024.03.02"]
[Round "7"]
[White "Kjartansson, Gudmundur"]
[Black "Pultinevicius, Paulius"]
[Result "1-0"]
[ECO "A07"]
[WhiteElo "2465"]
[BlackElo "2575"]
[Annotator "RC"]
[PlyCount "99"]
[EventDate "2024.02.29"]
[EventType "team-tourn"]
[EventCountry "ISL"]
[SourceTitle "playchess.com"]
[Source "ChessBase"]
[SourceQuality "1"]
[TimeControl "40/5400+30:900+30"]

1. Nf3 d5 2. g3 Nf6 3. Bg2 c6 4. O-O Bf5 5. d3 e6 6. Nh4 Bg4 7. h3 Bh5 8. f4 Be7 9. g4 Bg6 10. e3 Nfd7 11. Nxg6 hxg6 12. Nd2 a5 13. a4 Qc7 14. d4 Na6 15. c3 Nb6 16. Qe2 Rd8 17. Nf3 Nb8 18. Bd2 N8d7 19. Be1 Nc4 20. Ng5 Qb6 21. b4 O-O 22. h4 Rfe8 23. Nf3 Ra8 24. Nd2 Nxd2 25. Bxd2 Qa6 26. Qxa6 Rxa6 27. b5 Ra7 28. Rfb1 Bxh4 29. g5 Nb6 30. Bf1 Rc8 31. Kg2 f6 32. Kh3 fxg5 33. Kg4 c5 34. fxg5 Bf2 35. Bd3 e5 36. dxc5 Nd7 37. c6 Nb6 38. Rf1 e4 39. Bc2 Rf8 40. c7 Raa8 41. c4 Rf3 42. cxd5 Nc4 43. Rxf2 Rxf2 44. Bb3 Nxd2 45. d6+ Nxb3 46. d7 Rff8 47. Rd1 Rad8 48. Rf1 Rxd7 49. Rxf8+ Kxf8 50. c8=Q+ 1-0

[Event "Icelandic Team-ch Kvika Leagu 2023-24"]
[Site "Reykjavik"]
[Date "2024.03.02"]
[Round "7"]
[White "Hjartarson, Johann"]
[Black "Stefansson, Vignir Vatnar"]
[Result "0-1"]
[ECO "E57"]
[WhiteElo "2460"]
[BlackElo "2464"]
[Annotator "RC"]
[PlyCount "150"]
[EventDate "2024.02.29"]
[EventType "team-tourn"]
[EventCountry "ISL"]
[SourceTitle "playchess.com"]
[Source "ChessBase"]
[SourceQuality "1"]
[TimeControl "40/5400+30:900+30"]

1. c4 e6 2. Nc3 d5 3. d4 Nf6 4. Bg5 Be7 5. e3 h6 6. Bh4 O-O 7. Nf3 dxc4 8. Bxc4 c5 9. O-O cxd4 10. exd4 Nc6 11. a3 Nh5 12. Bxe7 Nxe7 13. Ne5 Nf6 14. Qd3 Bd7 15. Rac1 Bc6 16. Rfd1 Bd5 17. Nxd5 Nexd5 18. Ba2 Qd6 19. b4 Rac8 20. Rc5 b6 21. Rc4 Rxc4 22. Qxc4 Ne7 23. Re1 Nfd5 24. Qa6 Qc7 25. Bc4 Rc8 26. g3 Qb8 27. Bf1 Rc2 28. Bh3 Qc7 29. Qa4 Nf6 30. Bg2 Rd2 31. b5 g6 32. h3 Qc2 33. Qxc2 Rxc2 34. Ra1 Nfd5 35. a4 Rd2 36. Bxd5 Nxd5 37. Nc6 Nc3 38. Nxa7 Rxd4 39. a5 bxa5 40. Rxa5 Rb4 41. Ra3 Ne4 42. Ra2 g5 43. Rc2 Kg7 44. Kg2 Kg6 45. Re2 Nc3 46. Rc2 Nxb5 47. Nxb5 Rxb5 48. Rc6 Rb4 49. Ra6 h5 50. Rc6 Re4 51. Ra6 f5 52. Rb6 Kf6 53. Ra6 h4 54. gxh4 Rxh4 55. Rb6 Rd4 56. Ra6 Rd3 57. Rb6 Ke7 58. Ra6 Rd6 59. Ra5 Kf6 60. Rb5 e5 61. Ra5 e4 62. Ra8 Rd2 63. Kg1 Ke5 64. Re8+ Kf4 65. Rf8 Rd3 66. Kg2 e3 67. fxe3+ Rxe3 68. Rg8 Rg3+ 69. Kh2 Kf3 70. Ra8 Rg2+ 71. Kh1 Re2 72. Rg8 g4 73. hxg4 f4 74. Kg1 Kg3 75. Kf1 f3 0-1

[Event "Icelandic Team-ch Kvika Leagu 2023-24"]
[Site "Reykjavik"]
[Date "2024.03.02"]
[Round "7"]
[White "Olsen, Filip Boe"]
[Black "Stefansson, Hannes"]
[Result "0-1"]
[ECO "E48"]
[WhiteElo "2456"]
[BlackElo "2481"]
[Annotator "RC"]
[PlyCount "90"]
[EventDate "2024.02.29"]
[EventType "team-tourn"]
[EventCountry "ISL"]
[SourceTitle "playchess.com"]
[Source "ChessBase"]
[SourceQuality "1"]
[TimeControl "40/5400+30:900+30"]

1. d4 Nf6 2. c4 e6 3. Nc3 Bb4 4. e3 c5 5. Bd3 d5 6. cxd5 Nxd5 7. Nge2 cxd4 8. exd4 Nc6 9. O-O O-O 10. a3 Bd6 11. Re1 Re8 12. Qc2 h6 13. Nxd5 exd5 14. Be3 Be6 15. Rac1 Qh4 16. g3 Qf6 17. Qd2 Rac8 18. Nc3 Bc7 19. Na4 Bh3 20. Bf1 Bxf1 21. Rxf1 Ne7 22. Nc5 b6 23. Nd3 Nf5 24. Nb4 Qe6 25. Rfe1 Bd6 26. Rxc8 Rxc8 27. Na2 b5 28. Qd3 a6 29. Nc3 b4 30. Bd2 Qd7 31. Nxd5 Rb8 32. Nxb4 a5 33. Nc6 Qxc6 34. Qxf5 Rxb2 35. Rc1 Qb7 36. Rc8+ Bf8 37. Bc1 Re2 38. Kf1 Re6 39. Rxf8+ Kxf8 40. Be3 a4 41. Qh7 Rb6 42. Qh8+ Ke7 43. Qxg7 Qh1+ 44. Ke2 Rb2+ 45. Kd3 Qb1+ 0-1

[Event "Icelandic Team-ch Kvika Leagu 2023-24"]
[Site "Reykjavik"]
[Date "2024.03.02"]
[Round "7"]
[White "Nagy, Gabor"]
[Black "Gislason, Gudmundur"]
[Result "1-0"]
[ECO "E67"]
[WhiteElo "2436"]
[BlackElo "2266"]
[Annotator "ChessBase"]
[PlyCount "101"]
[EventDate "2024.02.29"]
[EventType "team-tourn"]
[EventCountry "ISL"]
[SourceTitle "playchess.com"]
[Source "ChessBase"]
[SourceQuality "1"]
[TimeControl "40/5400+30:900+30"]

1. c4 Nf6 2. Nc3 g6 3. g3 Bg7 4. Bg2 O-O 5. d4 d6 6. Nf3 Nbd7 7. O-O c6 8. e4 Qa5 9. h3 Nb6 10. Nd2 e5 11. d5 Bd7 12. dxc6 bxc6 13. Nb3 Qa6 14. c5 dxc5 15. Nxc5 Qc8 16. Kh2 Be6 17. b3 Re8 18. Be3 Qc7 19. Qe2 Rad8 20. Nxe6 Rxe6 21. Rfc1 Qb7 22. Rab1 Bf8 23. b4 Rc8 24. a4 h5 25. Bf1 Rc7 26. Qf3 Ne8 27. a5 Nd7 28. b5 cxb5 29. Bxb5 Qc8 30. Nd5 Rxc1 31. Rxc1 Qb7 32. Qe2 a6 33. Ba4 Ndf6 34. Qc2 h4 35. g4 Nxd5 36. exd5 Qxd5 37. Bb3 Qd6 38. Bxe6 e4+ 39. Kg1 Qxe6 40. Qc8 Qe5 41. Rd1 Nd6 42. Qxa6 f5 43. Bd4 Qd5 44. Rd2 fxg4 45. Be3 Qe6 46. Qc6 Qf6 47. Qd5+ Kh7 48. Bd4 Qf3 49. Qe5 Nf7 50. Qf6 Bb4 51. Qg7# 1-0

[Event "Icelandic Team-ch Kvika Leagu 2023-24"]
[Site "Reykjavik"]
[Date "2024.03.02"]
[Round "7"]
[White "Gunnarsson, Arnar"]
[Black "Thorfinnsson, Bragi"]
[Result "1-0"]
[ECO "A21"]
[WhiteElo "2410"]
[BlackElo "2397"]
[Annotator "RC"]
[PlyCount "81"]
[EventDate "2024.02.29"]
[EventType "team-tourn"]
[EventCountry "ISL"]
[SourceTitle "playchess.com"]
[Source "ChessBase"]
[SourceQuality "1"]
[TimeControl "40/5400+30:900+30"]

1. c4 e5 2. Nc3 Bb4 3. Nd5 Be7 4. Nf3 c6 5. Nc3 d6 6. d4 Nd7 7. g3 Ngf6 8. Bg2 O-O 9. O-O Qc7 10. Qc2 Re8 11. b3 Bf8 12. e4 b5 13. cxb5 cxb5 14. dxe5 dxe5 15. Qb2 b4 16. Nd5 Nxd5 17. exd5 Bb7 18. Rd1 Nf6 19. Nh4 Rad8 20. Bg5 Qb6 21. Rac1 Rxd5 22. Bxf6 Rxd1+ 23. Rxd1 Bxg2 24. Bxg7 Bxg7 25. Kxg2 Qc6+ 26. Kg1 Qe4 27. Qd2 a5 28. Qd7 Rf8 29. Nf5 h5 30. h4 Bf6 31. Qd3 Qxd3 32. Rxd3 Rd8 33. Rxd8+ Bxd8 34. f3 Kh7 35. Kf2 Kg6 36. g4 Bb6+ 37. Ke2 e4 38. Ne7+ Kg7 39. gxh5 Kh6 40. fxe4 Kxh5 41. Nf5 1-0